 Dungeon Crawl Stone Soup version 0.27.1-1-g398f81649c (webtiles) character file.

Game seed: 76617518062336018

263 mediusvir the Chopper (level 5, -3/47 HPs)
             Began as a Minotaur Berserker on Sept 8, 2021.
             Was a Believer of Trog.
             Slain by a gnoll (5 damage)
             ... on level 4 of the Dungeon.
             The game lasted 00:09:35 (4157 turns).

mediusvir the Chopper (Minotaur Berserker)          Turns: 4157, Time: 00:09:36

Health: -3/47      AC: 10    Str: 22    XL:     5   Next: 97%
Magic:  4/4        EV:  8    Int:  4    God:    Trog [**....]
Gold:   245        SH:  0    Dex: 10    Spells: 4/4 levels left

rFire    . . .     SeeInvis .   a - +0 hand axe
rCold    . . .     Faith    .   (no shield)
rNeg     + . .     Spirit   .   h - +0 chain mail
rPois    .         Reflect  .   (helmet restricted)
rElec    .         Harm     .   (no cloak)
rCorr    .         Rampage  .   j - +0 pair of gloves
Will     ++...                  (no boots)
Stlth    ..........             (no amulet)
HPRegen  1.15/turn              f - ring of positive energy
MPRegen  0.09/turn              (no ring)

@: strong-willed, regenerating
A: horns 2, retaliatory headbutt
a: Renounce Religion, Berserk, Trog's Hand


You were on level 4 of the Dungeon.
You worshipped Trog.
Trog was pleased with you.
You visited 1 branch of the dungeon, and saw 4 of its levels.

You collected 245 gold pieces.

Inventory:

Hand Weapons
 a - a +0 hand axe (weapon)
Armour
 h - a +0 chain mail (worn)
 j - a +0 pair of gloves (worn)
Jewellery
 f - a ring of positive energy (left hand)
Scrolls
 b - a scroll of blinking {unknown}
 c - 2 scrolls of identify
 d - a scroll of fog
Potions
 e - a potion of flight {unknown}
 g - a potion of curing
 i - a potion of brilliance {unknown}
 k - a potion of ambrosia {unknown}


   Skills:
 + Level 4.8 Fighting
 + Level 5.7 Axes
 + Level 4.5 Armour
 + Level 3.0 Dodging
 + Level 0.5 Stealth


You had 4 spell levels left.
You didn't know any spells.
Your spell library was empty.

Dungeon Overview and Level Annotations

Branches:
Dungeon (4/15)
 Temple: D:4-7

Altars:


Innate Abilities, Weirdness & Mutations

You have a pair of horns on your head.
You reflexively headbutt those who attack you in melee.


Message History

There is a stone staircase leading down here.
Items here: )) [ รทรท.
Things that are here:
a +0 short sword; a stone; a +0 flail
There is a stone staircase leading down here.
You climb downwards.
A quokka comes into view.
There is a stone staircase leading up, spattered with blood here.
The gnoll misses you.
There is a stone staircase leading up, spattered with blood here.
The gnoll barely misses you. x2
The gnoll closely misses you. The gnoll hits you but does no damage.
The gnoll throws a throwing net.
The throwing net hits you.
You become entangled in the net!
The gnoll hits you but does no damage.
The gnoll hits you from afar with a +0 halberd.
You struggle against the net.
The gnoll hits you from afar with a +0 halberd!
The quokka barely misses you.
The gnoll hits you from afar with a +0 halberd!
You tear a large gash into the net.
The quokka bites you but does no damage.
The gnoll hits you but does no damage.
The gnoll hits you from afar with a +0 halberd!
* * * LOW HITPOINT WARNING * * *
The quokka bites you but does no damage.
Your skin crawls.
You feel strong-willed.
The gnoll hits you from afar with a +0 halberd!
* * * LOW HITPOINT WARNING * * *
The gnoll barely misses you. The quokka bites you.
* * * LOW HITPOINT WARNING * * *
Unknown command.
You shred the net and break free! The gnoll barely misses you.
The gnoll hits you from afar with a +0 halberd.
* * * LOW HITPOINT WARNING * * *
The quokka barely misses you. You furiously retaliate!
You headbutt the quokka. The gnoll closely misses you.
The gnoll hits you from afar with a +0 halberd.
You die...

. .. ... ######
#... #.#..##.$
#....##.......#
#.gr.## .
#(##@.###....
#..g(.....
#.#g......
###.......
....... .......
....... .......
......[


You could see 3 gnolls and a quokka.

Vanquished Creatures
  A phantom (D:3)
  A jelly (D:3)
  An orc priest (D:3)
  3 gnolls (D:3)
  An adder (D:2)
  A worm (D:3)
  2 dart slugs
  7 orcs
  5 ball pythons
  5 bats
  5 endoplasms
  2 giant cockroaches
  4 goblins
  8 hobgoblins
  4 jackals
  7 kobolds
  3 quokkas
  5 frilled lizards
  6 rats
71 creatures vanquished.

Vanquished Creatures (others)
  3 fungi (D:1)
  4 toadstools (D:1)
7 creatures vanquished.

Grand Total: 78 creatures vanquished

Notes
Turn   | Place    | Note
-------+----------+-------------------------------------------
     0 | D:1      | mediusvir the Minotaur Berserker began the quest for the
                  | Orb.
     0 | D:1      | Reached XP level 1. HP: 19/19 MP: 0/0
   194 | D:1      | Reached skill level 4 in Axes
   194 | D:1      | Reached XP level 2. HP: 22/27 MP: 1/1
   975 | D:1      | Reached ** piety under Trog
  1310 | D:1      | Reached XP level 3. HP: 33/33 MP: 2/2
  2939 | D:3      | Reached XP level 4. HP: 37/41 MP: 3/3
  3385 | D:4      | Noticed a phantom
  3399 | D:3      | Killed a phantom
  3400 | D:3      | Reached skill level 5 in Axes
  3400 | D:3      | Reached XP level 5. HP: 47/47 MP: 4/4
  3924 | D:3      | Reached *** piety under Trog
  4156 | D:4      | HP: 1/47 [gnoll (5)]
  4157 | D:4      | Slain by a gnoll

Illustrated notes

Levels and vault maps discovered:
D:1:      amcnicky_arrival_choice, layout_loops_ring, grunt_decor_junction,
          chequers_serial_rivers_marsh, minmay_gold_behind_fungi,
          patterned_corridor
D:2:      layout_basic, serial_glass, glass_columns_a, glass_columns_c
D:3:      layout_rooms
D:4:      layout_cave_pools

Skill      XL: |  1  2  3  4  5 |
---------------+----------------+-----
Axes           | 4 5 |  5.7
Fighting       | 4 |  4.8
Armour         | 3 4 |  4.5
Dodging        | 3 |  3.0
Stealth        | |  0.5

Action                   |  1- 3 |  4- 6 || total
-------------------------+-------+-------++-------
Melee: Hand axe          |   107 |    42 ||   149
       Headbutt          |    18 |     8 ||    26
Invok: Berserk           |       |     2 ||     2
       Trog's Hand       |       |     1 ||     1
  Use: Scroll            |       |     1 ||     1
       Potion            |       |     1 ||     1
Armor: Animal skin       |     8 |       ||     8
       Ring mail         |    26 |     8 ||    34
       Chain mail        |       |    20 ||    20
Dodge: Dodged            |    69 |    52 ||   121
